 Dungeon Crawl Stone Soup version 0.25.0-11-g1f837a76a1 (webtiles) character file.

Game seed: 14849544893915172915

(classic levelgen) 1298 EnegeticOcto the Frost Mage (level 8, -1/46 HPs)
             Began as a Halfling Ice Elementalist on June 27, 2020.
             Was a Follower of Sif Muna.
             Slain by a wight
             ... wielding a cursed +4 morningstar
              (15 damage)
             ... on level 6 of the Dungeon.
             The game lasted 00:17:08 (8568 turns).

EnegeticOcto the Frost Mage (HaIE)                  Turns: 8568, Time: 00:17:08

Health: -1/46      AC:  7    Str:  9    XL:     8   Next: 87%
Magic:  0/14       EV: 12    Int: 15    God:    Sif Muna [*.....]
Gold:   345        SH:  6    Dex: 15    Spells: 7/15 levels left

rFire    . . .     SeeInvis +   a - +4 long sword (curse)
rCold    + . .     Gourm    .   v - +2 buckler
rNeg     . . .     Faith    .   r - +2 leather armour {rC+}
rPois    .         Spirit   .   p - +1 helmet
rElec    .         Reflect  .   (no cloak)
rCorr    .         Harm     .   (no gloves)
MR       .....     Rnd*Tele +   (no boots)
Stlth    ++........             (no amulet)
HPRegen  0.15/turn              l - ring of teleportation (curse)
MPRegen  0.14/turn              s - ring of see invisible

@: very slightly contaminated, heavily drained
A: small, mutation resistance 1
a: Channel Magic, Renounce Religion


You were on level 6 of the Dungeon.
You worshipped Sif Muna.
Sif Muna was aware of your devotion.
You were very hungry.

You visited 2 branches of the dungeon, and saw 8 of its levels.

You collected 345 gold pieces.

Inventory:

Hand Weapons
 a - a cursed +4 long sword (weapon)
 d - a +2 whip
Missiles
 c - 84 stones (quivered)
Armour
 p - a +1 helmet (worn)
 r - a +2 leather armour of cold resistance (worn)
 v - a +2 buckler (worn)
Jewellery
 l - a cursed ring of teleportation (left hand)
 s - a ring of see invisible (right hand)
Wands
 b - a wand of enslavement (11)
Scrolls
 f - a scroll of blinking {@r4}
 k - 3 scrolls of magic mapping {@r5 !r}
Potions
 i - a potion of stabbing {unknown}
 j - 2 potions of ambrosia
 m - a potion of mutation
 n - 4 potions of curing {@q1 !q}
 o - 2 potions of magic
Comestibles
 e - 7 rations


   Skills:
 - Level 2.1(1.0) Dodging
 - Level 2.1(1.0) Stealth
 - Level 4.0(2.7) Spellcasting
 + Level 3.0(1.8) Summonings
 - Level 9.0(7.5) Ice Magic


You had 7 spell levels left.
You knew the following spells:

 Your Spells              Type           Power        Failure   Level  Hunger
a - Freeze                Ice            ###.         2%          1    #......
b - Frozen Ramparts       Ice            ###...       6%          3    ###....
c - Summon Ice Beast      Ice/Summ       ###.....     56%         4    #####..

Your spell library contained the following spells:

 Spells                   Type           Power        Failure   Level  Hunger
 Ozocubu's Armour         Chrm/Ice       ##......     30%         3    ###....
 Hailstorm                Conj/Ice       ##......     71%         4    #####..


Dungeon Overview and Level Annotations

Branches:
Dungeon (7/15)             Temple (1/1) D:5

Altars:
Cheibriados
Elyvilon
Fedhas
Qazlal
Sif Muna
Uskayaw
Wu Jian
Yredelemnul
Zin

Shops:
D:5 (

Annotations:
D:6 exclusion: 2 wights


Innate Abilities, Weirdness & Mutations

You are small and have problems with some larger weapons.
You are somewhat resistant to further mutation.


Message History

Really quaff
q - a potion of heal wounds {@q2 !q}?
You feel much better.
The wight completely resists.
The wall freezes the wight but do no damage.
The wight completely misses you.
You hit the wight.
The wight is almost destroyed.
The wight completely resists.
The wall freezes the wight but do no damage.
The wight barely misses you.
You riposte.
You hit the wight but do no damage.
The wight is almost destroyed.
You closely miss the wight.
The wight is almost destroyed.
The wight completely resists.
The wall freezes the wight but do no damage.
You block the wight's attack.
You closely miss the wight.
The wight is almost destroyed.
The frozen ramparts melt away.
The wight barely misses you.
You hit the wight.
The wight is almost destroyed.
You block the wight's attack.
The wight hits you with a +4 dire flail.
You hit the wight but do no damage.
The wight is almost destroyed.
The wight hits you with a +4 dire flail!
* * * LOW HITPOINT WARNING * * *
You feel drained.
You barely miss the wight.
The wight is almost destroyed.
The wight closely misses you.
Casting: Frozen Ramparts (dangerous; 7% risk of failure)
Confirm with . or Enter, or press ? or * to list all spells.
Aiming: Freeze (safe; 2% risk of failure)
Press: ? - help, Shift-Dir - straight line, f - wight
Aim: a wight, wielding a +4 dire flail and wearing a +0 plate armour (almost destroyed)
The wight resists.
You freeze the wight.
The wight is almost destroyed.
The wight completely misses you.
You riposte.
You hit the wight.
You destroy the wight!
Sif Muna accepts your kill.
Your base Summonings skill increases to level 3!
A wight comes into view. It is wielding a +0 great sword.
Okay, then.
Unknown command.
Okay, then.
Blink to where?
Press: ? - help, Dir - move target cursor You are very lightly contaminated with residual magic.
As you read the scroll of blinking {@r4}, it crumbles to dust.
Found a flail.
A jackal comes into view. x2
Things that are here:
a cursed +3 scimitar; a +0 robe
Press: ? - help, . - travel, g - get item You can't see that place. [Stash: a cursed +3 scimitar (...1)] [the floor.] Unknown command.
There is a stone staircase leading up here.
You climb upwards.
Level annotation: exclusion: 2 wights You block the wight's attack.
There is a stone staircase leading down here.
Your magical contamination has completely faded away.
Casting: Freeze (safe; 2% risk of failure)
Confirm with . or Enter, or press ? or * to list all spells.
The spell is extremely dangerous to cast (56% risk of failure)!
Continue anyway?
You miscast Summon Ice Beast.
You are very lightly contaminated with residual magic.
Nothing appears to happen.
You are feeling hungry.
The wight closely misses you.
You riposte.
You barely miss the wight.
Casting: Summon Ice Beast (extremely dangerous; 56% risk of failure)
Confirm with . or Enter, or press ? or * to list all spells.
The spell is extremely dangerous to cast (56% risk of failure)!
Continue anyway?
You miscast Summon Ice Beast.
Nothing appears to happen.
The wight hits you with a cursed +4 morningstar!
Casting: Summon Ice Beast (extremely dangerous; 56% risk of failure)
Confirm with . or Enter, or press ? or * to list all spells.
The spell is extremely dangerous to cast (56% risk of failure)!
Continue anyway?
You miscast Summon Ice Beast.
Nothing appears to happen.
Casting: Summon Ice Beast (extremely dangerous; 56% risk of failure)
Confirm with . or Enter, or press ? or * to list all spells.
The spell is extremely dangerous to cast (56% risk of failure)!
Continue anyway?
A chill wind blows around you.
You are feeling very hungry.
The wight hits you with a cursed +4 morningstar!
* * * LOW HITPOINT WARNING * * *
Your ice beast barely misses the wight.
Your ice beast hits the wight.
Your ice beast freezes the wight.
The wight resists.
You block the wight's attack.
Casting: Summon Ice Beast (extremely dangerous; 56% risk of failure)
Confirm with . or Enter, or press ? or * to list all spells.
The spell is extremely dangerous to cast (56% risk of failure)!
Continue anyway?
A chill wind blows around you.
The wight hits you with a cursed +4 morningstar!
You die...

............#
##.#.#.#####.# #.#
#.#.#.# #.# ## #.#
#.#.#.# #.# .# #.####
#.....# #.# .# #....#
#...#####.# .# #.##.#
#......##.# .# #.##.#
#>z###.##.# .# #.##.#
#.@# #.#..# .##
##.##.#####.Y# #.#.##
..###............# #Y#.#
#...#...........####.#.#
#.........####".###....#
#...####### #.........#
#..## ##.###...## ...#
#.# ##.## #..# ... ..#


You could see a wight and a friendly ice beast (summoned).

Vanquished Creatures
  An orc warrior (D:7)
  A phantom (D:4)
  A sky beast (D:5)
  A centaur (D:6)
  Blork the orc (D:4)
  2 scorpions
  3 wights
  A howler monkey (D:5)
  2 crimson imps
  A bullfrog skeleton (D:7)
  A jelly (D:5)
  2 hounds
  4 orc wizards
  An iguana (D:4)
  2 worker ants
  A killer bee zombie (D:5)
  2 hound zombies
  3 gnolls (D:4)
  4 adders
  An adder skeleton (D:7)
  2 worms
  4 dart slugs
  4 leopard geckos
  20 orcs
  6 goblins
  6 hobgoblins
  3 jackals (D:2)
  7 quokkas
  2 ball pythons (D:4)
  7 bats
  8 frilled lizards
  5 kobolds
  3 rats
112 creatures vanquished.

Vanquished Creatures (collateral kills)
  A wight (D:7)
1 creature vanquished.

Grand Total: 113 creatures vanquished

Notes
Turn   | Place    | Note
-------+----------+-------------------------------------------
     0 | D:1      | EnegeticOcto the Halfling Ice Elementalist began the quest
                  | for the Orb.
     0 | D:1      | Reached XP level 1. HP: 11/11 MP: 3/3
   281 | D:1      | Reached XP level 2. HP: 17/17 MP: 2/4
   856 | D:2      | Reached XP level 3. HP: 20/21 MP: 0/5
   861 | D:2      | Learned a level 3 spell: Frozen Ramparts
   919 | D:2      | Reached skill level 5 in Ice Magic
  2297 | D:3      | Reached XP level 4. HP: 27/27 MP: 1/6
  2563 | D:3      | Reached XP level 5. HP: 31/31 MP: 4/7
  2610 | D:3      | Reached skill level 6 in Ice Magic
  3214 | D:4      | Noticed Blork the orc
  3318 | D:4      | Killed Blork the orc
  3318 | D:4      | Reached XP level 6. HP: 16/36 MP: 1/8
  3737 | D:4      | Reached skill level 7 in Ice Magic
  3859 | D:4      | Noticed a phantom
  3871 | D:4      | Reached skill level 2 in Spellcasting
  4624 | D:4      | Killed a phantom
  4624 | D:4      | Reached XP level 7. HP: 4/41 MP: 9/11
  5331 | D:5      | Entered Level 5 of the Dungeon
  5982 | D:5      | Reached skill level 3 in Spellcasting
  6026 | D:5      | Found a staircase to the Ecumenical Temple.
  6042 | Temple   | Entered the Ecumenical Temple
  6066 | Temple   | Became a worshipper of Sif Muna the Loreminder
  6201 | D:5      | Reached skill level 8 in Ice Magic
  6384 | D:5      | Found Gariad's Antique Weapon Shoppe.
  6391 | D:5      | Reached XP level 8. HP: 44/46 MP: 9/13
  7457 | D:6      | Reached skill level 4 in Spellcasting
  7966 | D:7      | Learned a level 4 spell: Summon Ice Beast
  8126 | D:7      | Reached skill level 1 in Summonings
  8126 | D:7      | Reached skill level 9 in Ice Magic
  8169 | D:7      | Reached * piety under Sif Muna
  8169 | D:7      | Reached skill level 2 in Summonings
  8413 | D:7      | Reached skill level 3 in Summonings
  8568 | D:6      | Slain by a wight

Illustrated notes

Levels and vault maps discovered:
D:1:      scummos_arrival_hexagon, layout_basic, chequers_jeans
D:2:      layout_basic
D:3:      layout_loops_ring
D:4:      layout_layer_cave, first_ration, uniq_blork_the_orc
D:5:      layout_gridville, minmay_temple_entry_trees, serial_shops,
          nicolae_shop_overgrown_old_shop
D:6:      layout_loops_ring, enter_ossuary_2, hangedman_decor_peaks_small
D:7:      layout_basic, grunt_dithmenos_shadows, grunt_livestock,
          cheibrodos_ashenzari_chains
Temple:   regret_index_temple_sigil_plot

Skill      XL: |  1  2  3  4  5  6  7  8 |
---------------+-------------------------+-----
Ice Magic      | 5 6 7 8 9 |  9.0
Spellcasting   | 2 3 4 |  4.0
Summonings     | 3 |  3.0
Dodging        | |  2.1
Stealth        | |  2.1

Action                   |  1- 3 |  4- 6 |  7- 9 || total
-------------------------+-------+-------+-------++-------
Melee: Whip              |    17 |    86 |    98 ||   201
       Long sword        |       |       |    11 ||    11
       Unarmed           |       |       |     3 ||     3
Throw: Stone             |       |    28 |    11 ||    39
 Cast: Freeze            |    55 |    42 |    20 ||   117
       Frozen Ramparts   |       |     4 |    16 ||    20
       Summon Ice Beast  |       |       |     4 ||     4
  Use: Scroll            |     8 |       |    11 ||    19
       Potion            |       |     2 |     3 ||     5
 Stab: Sleeping          |       |     3 |     1 ||     4
  Eat: Chunk             |     4 |     7 |     4 ||    15
       Ration            |     1 |       |     3 ||     4
Armor: Robe              |     9 |    14 |    15 ||    38
Dodge: Dodged            |    63 |    90 |    86 ||   239
Block: Buckler           |       |       |    25 ||    25
       Rpst.: Long sword |       |       |     3 ||     3
